[ AOE2 MATCH · #508079614 ]
UnrankedSpanish vs Magyars
Player's team · WIN
Rival team · LOSS
[ REPLAY ANALYSIS · EXTRACTED FROM THE RECORDED GAME ]
Feudal
11:45
Castle
15:53
Imperial
—
| APM avg | 41.8 |
| APM peak | 77 |
| eAPM avg | 20.5 |
| Villagers / military | 29 / 8 |
Focus
⚔️ 28.1% · 🌾 71.9%
Conquistador ×8
Feudal
9:20
Castle
—
Imperial
—
| APM avg | 52.0 |
| APM peak | 87 |
| eAPM avg | 22.0 |
| Villagers / military | 52 / 5 |
Focus
⚔️ 39.2% · 🌾 60.8%
Scout Cavalry ×5
Match map
Initial resources + every placement click. Lines = walls · curves = elevation contours. ◆ gold · ⬟ stone · ● berries · ✦ relic · ◌ wall gap
Your base· Open — 4t gap
Xxkaname13's base· Open — 7t gap
Smoothed initial terrain · ◌ = detected wall gap · hover for details
Inputs per minute
— Nepukad - - Xxkaname13
Build order — Nepukad
93 actions detected in the replay
| 0:00 | Queue | Villager (Male) |
| 0:01 | Queue | Villager (Male) |
| 0:01 | Queue | Villager (Male) |
| 0:02 | Build | House |
| 0:02 | Build | House |
| 0:23 | Queue | Villager (Male) |
| 1:25 | Queue | Villager (Male) |
| 1:51 | Queue | Villager (Male) |
| 2:26 | Queue | Villager (Male) |
| 2:42 | Build | Lumber Camp |
| 2:52 | Queue | Villager (Male) |
| 2:52 | Queue | Villager (Male) |
| 3:26 | Build | House |
| 3:31 | Queue | Villager (Male) |
| 3:45 | Queue | Villager (Male) |
| 3:45 | Queue | Villager (Male) |
| 3:49 | Build | House |
| 4:51 | Queue | Villager (Male) |
| 4:51 | Queue | Villager (Male) |
| 5:09 | Queue | Villager (Male) |
| 5:09 | Queue | Villager (Male) |
| 5:22 | Queue | Villager (Male) |
| 5:44 | Queue | Villager (Male) |
| 6:40 | Build | Palisade Wall |
| 6:47 | Build | Mill |
| 6:59 | Build | Palisade Wall |
| 7:03 | Queue | Villager (Male) |
| 7:22 | Build | Palisade Wall |
| 7:24 | Build | Palisade Wall |
| 7:32 | Queue | Villager (Male) |
| 7:37 | Build | Palisade Wall |
| 7:40 | Build | Mining Camp |
| 7:45 | Build | Palisade Wall |
| 7:54 | Queue | Villager (Male) |
| 7:55 | Queue | Villager (Male) |
| 7:56 | Research | Loom |
| 8:24 | Queue | Villager (Male) |
| 8:25 | Research | Loom |
| 8:34 | Build | House |
| 8:52 | Research | Feudal Age |
| 9:11 | Build | Farm |
| 9:39 | Build | House |
| 10:02 | Build | Palisade Wall |
| 10:08 | Build | Palisade Wall |
| 10:24 | Build | Palisade Wall |
| 10:33 | Build | Palisade Gate |
| 11:16 | Queue | Villager (Male) |
| 11:45 | Age | Feudal Age |
| 11:50 | Build | Market |
| 11:59 | Build | Blacksmith |
| 12:15 | Build | Palisade Wall |
| 12:24 | Build | Palisade Wall |
| 12:48 | Build | Palisade Wall |
| 13:13 | Research | Castle Age |
| 13:39 | Build | Palisade Wall |
| 13:53 | Build | Farm |
| 13:58 | Build | Farm |
| 14:11 | Build | House |
| 14:14 | Build | House |
| 15:02 | Build | House |
| 15:04 | Queue | Villager (Male) |
| 15:06 | Build | House |
| 15:12 | Build | Farm |
| 15:38 | Research | Double-Bit Axe |
| 15:38 | Research | Double-Bit Axe |
| 15:51 | Build | Palisade Wall |
| 15:53 | Age | Castle Age |
| 16:06 | Build | Castle |
| 16:39 | Build | Farm |
| 16:45 | Build | Mining Camp |
| 16:48 | Build | Farm |
| 16:52 | Build | Farm |
| 16:56 | Build | Farm |
| 17:05 | Queue | Conquistador |
| 17:05 | Queue | Conquistador |
| 17:19 | Build | Farm |
| 17:46 | Build | Farm |
| 18:11 | Build | Farm |
| 18:14 | Queue | Conquistador |
| 18:14 | Queue | Conquistador |
| 18:23 | Build | Farm |
| 19:01 | Queue | Conquistador |
| 19:33 | Queue | Villager (Male) |
| 19:42 | Build | House |
| 19:44 | Build | Farm |
| 19:45 | Queue | Villager (Male) |
| 19:50 | Queue | Conquistador |
| 19:57 | Research | Gold Mining |
| 20:19 | Queue | Villager (Male) |
| 20:35 | Queue | Conquistador |
| 20:57 | Queue | Conquistador |
| 21:01 | Build | Farm |
| 21:04 | Queue | Villager (Male) |
Build order — Xxkaname13
130 actions detected in the replay
| 0:01 | Queue | Villager (Male) |
| 0:01 | Queue | Villager (Male) |
| 0:02 | Build | House |
| 0:04 | Build | House |
| 0:06 | Queue | Villager (Male) |
| 0:06 | Queue | Villager (Male) |
| 1:24 | Queue | Villager (Male) |
| 1:24 | Queue | Villager (Male) |
| 1:56 | Queue | Villager (Male) |
| 1:56 | Queue | Villager (Male) |
| 2:08 | Build | Lumber Camp |
| 2:25 | Queue | Villager (Male) |
| 2:26 | Queue | Villager (Male) |
| 2:54 | Queue | Villager (Male) |
| 2:55 | Queue | Villager (Male) |
| 3:27 | Queue | Villager (Male) |
| 3:27 | Queue | Villager (Male) |
| 3:49 | Build | House |
| 3:56 | Queue | Villager (Male) |
| 4:10 | Queue | Villager (Male) |
| 4:14 | Build | Mill |
| 4:24 | Queue | Villager (Male) |
| 4:44 | Queue | Villager (Male) |
| 5:07 | Queue | Villager (Male) |
| 5:23 | Queue | Villager (Male) |
| 5:24 | Queue | Villager (Male) |
| 5:45 | Queue | Villager (Male) |
| 5:59 | Research | Loom |
| 7:10 | Research | Feudal Age |
| 7:11 | Research | Feudal Age |
| 7:33 | Build | Lumber Camp |
| 8:12 | Build | Barracks |
| 8:33 | Build | House |
| 8:50 | Queue | Villager (Male) |
| 9:20 | Age | Feudal Age |
| 9:23 | Queue | Villager (Male) |
| 9:26 | Build | Stable |
| 9:27 | Research | Double-Bit Axe |
| 9:27 | Research | Double-Bit Axe |
| 9:37 | Build | House |
| 10:08 | Queue | Villager (Male) |
| 10:13 | Queue | Scout Cavalry |
| 10:13 | Queue | Scout Cavalry |
| 10:16 | Build | House |
| 10:26 | Build | Watch Tower |
| 10:27 | Queue | Villager (Male) |
| 10:35 | Build | Farm |
| 10:43 | Queue | Villager (Male) |
| 10:48 | Build | House |
| 10:53 | Build | Mining Camp |
| 11:10 | Build | House |
| 11:14 | Build | House |
| 11:17 | Build | Palisade Wall |
| 11:18 | Queue | Villager (Male) |
| 11:22 | Build | Farm |
| 11:46 | Build | Watch Tower |
| 11:47 | Queue | Villager (Male) |
| 11:53 | Queue | Villager (Male) |
| 11:55 | Queue | Scout Cavalry |
| 12:04 | Build | Watch Tower |
| 12:06 | Build | House |
| 12:09 | Build | Palisade Wall |
| 12:21 | Queue | Villager (Male) |
| 12:43 | Queue | Villager (Male) |
| 12:51 | Queue | Villager (Male) |
| 13:01 | Build | Blacksmith |
| 13:06 | Queue | Scout Cavalry |
| 13:13 | Queue | Villager (Male) |
| 13:17 | Build | Farm |
| 13:42 | Queue | Villager (Male) |
| 13:42 | Queue | Villager (Male) |
| 13:42 | Queue | Villager (Male) |
| 14:07 | Build | Watch Tower |
| 14:24 | Queue | Villager (Male) |
| 14:31 | Build | House |
| 14:33 | Build | Palisade Wall |
| 14:34 | Queue | Villager (Male) |
| 14:39 | Build | Farm |
| 14:40 | Build | Farm |
| 14:40 | Build | Farm |
| 14:56 | Queue | Villager (Male) |
| 15:04 | Queue | Scout Cavalry |
| 15:07 | Queue | Villager (Male) |
| 15:09 | Build | Farm |
| 15:12 | Build | Farm |
| 15:34 | Build | Farm |
| 15:41 | Research | Fletching |
| 15:41 | Research | Fletching |
| 15:47 | Queue | Villager (Male) |
| 15:47 | Queue | Villager (Male) |
| 15:50 | Build | Farm |
| 15:52 | Build | Farm |
| 15:52 | Build | Farm |
| 15:53 | Build | Farm |
| 15:53 | Build | Farm |
| 16:10 | Queue | Villager (Male) |
| 16:12 | Build | Farm |
| 16:38 | Queue | Villager (Male) |
| 16:41 | Build | House |
| 16:43 | Build | Palisade Wall |
| 16:46 | Build | Farm |
| 16:48 | Build | Farm |
| 16:48 | Queue | Villager (Male) |
| 16:52 | Build | House |
| 16:59 | Build | Watch Tower |
| 17:12 | Build | Farm |
| 17:15 | Research | Horse Collar |
| 17:18 | Build | Farm |
| 17:18 | Queue | Villager (Male) |
| 18:02 | Queue | Villager (Male) |
| 18:07 | Build | Farm |
| 18:16 | Build | Market |
| 18:35 | Queue | Villager (Male) |
| 18:37 | Queue | Villager (Male) |
| 18:39 | Build | Mining Camp |
| 18:45 | Build | House |
| 19:11 | Queue | Villager (Male) |
| 19:30 | Build | House |
| 19:35 | Build | Farm |
| 19:57 | Research | Castle Age |
| 19:57 | Research | Castle Age |
| 20:03 | Build | House |
| 20:09 | Build | House |
| 20:27 | Build | Archery Range |
| 20:39 | Build | House |
| 20:48 | Build | House |
| 20:50 | Build | House |
| 20:53 | Build | House |
| 21:01 | Build | House |
| 21:12 | Queue | Villager (Male) |
Match timeline
| 6:40 | Nepukad · wall_segment Palisade Wall x2 |
| 6:59 | Nepukad · wall_segment Palisade Wall x3 |
| 7:22 | Nepukad · wall_segment Palisade Wall x3 |
| 7:24 | Nepukad · wall_segment Palisade Wall x3 |
| 7:37 | Nepukad · wall_segment Palisade Wall x7 |
| 7:45 | Nepukad · wall_segment Palisade Wall x6 |
| 8:12 | Xxkaname13 · first_building Barracks |
| 9:20 | Xxkaname13 · age_up feudal |
| 9:26 | Xxkaname13 · first_building Stable |
| 10:02 | Nepukad · wall_segment Palisade Wall x1 |
| 10:08 | Nepukad · wall_segment Palisade Wall x1 |
| 10:24 | Nepukad · wall_segment Palisade Wall x5 |
| 11:17 | Xxkaname13 · wall_segment Palisade Wall x10 |
| 11:45 | Nepukad · age_up feudal |
| 12:09 | Xxkaname13 · wall_segment Palisade Wall x14 |
| 12:15 | Nepukad · wall_segment Palisade Wall x4 |
| 12:24 | Nepukad · wall_segment Palisade Wall x2 |
| 12:48 | Nepukad · wall_segment Palisade Wall x1 |
| 13:12 | Nepukad · first_market_sell 100 stone |
| 13:39 | Nepukad · wall_segment Palisade Wall x1 |
| 14:33 | Xxkaname13 · wall_segment Palisade Wall x8 |
| 15:51 | Nepukad · wall_segment Palisade Wall x1 |
| 15:53 | Nepukad · age_up castle |
| 16:06 | Nepukad · first_building Castle |
| 16:43 | Xxkaname13 · wall_segment Palisade Wall x7 |
| 19:42 | Xxkaname13 · first_market_sell 100 wood |
| 19:55 | Nepukad · first_market_buy 100 food |
| 20:27 | Xxkaname13 · first_building Archery Range |
| 21:45 | Xxkaname13 · resign |
[ AI ANALYSIS · 1 CREDIT ]
What really happened in this match?
Wolo.gg analyzes every decision: build order, eco, micro, common mistakes by bracket. Personalized analysis on WhatsApp or Discord in 30 seconds.
Civ guide
Spanish
Perfil
Jugador #5557156